 Dungeon Crawl Stone Soup version 0.31.0-9-g3a7656b989 (webtiles) character file.

Game seed: 17507622287060741625

45 qw the Shooter (level 3, -2/20 HPs)
             Began as a Deep Elf Hunter on Feb 2, 2024.
             Slain by a goblin
             ... wielding a +0 dagger
             ... led by Robin
              (5 damage)
             ... on level 2 of the Dungeon.
             The game lasted 00:00:03 (787 turns).

qw the Shooter (Deep Elf Hunter)                     Turns: 787, Time: 00:00:03

Health: -2/20      AC:  3    Str: 10    XL:     3   Next: 42%
Magic:  5/5        EV: 12    Int: 13    God:
Gold:   22         SH:  0    Dex: 18    Spells: 2/2 levels left

rFire   . . .        a - +0 shortbow
rCold   . . .        (shield currently unavailable)
rNeg    . . .        c - +0 leather armour
rPois   .            (no helmet)
rElec   .            (no cloak)
rCorr   .            (no gloves)
SInv    .            (no boots)
Will    .....        (no amulet)
Stlth   ++           (no ring)
HPRegen 0.23/turn    (no ring)
MPRegen 0.09/turn

%: no passive effects
@: no status effects
A: no striking features
a: no special abilities


You were on level 2 of the Dungeon.
You visited 1 branch of the dungeon, and saw 2 of its levels.

You collected 22 gold pieces.


   Skills:
 - Level 1.5 Fighting
 + Level 7.0 Ranged Weapons
 - Level 2.4 Dodging
 - Level 1.2 Stealth


You had 2 spell levels left.
You didn't know any spells.
Your spell library was empty.

Inventory:

Hand Weapons
 a - a +0 shortbow (weapon)
Armour
 c - a +0 leather armour (worn)
Wands
 b - a wand of flame (13)
Scrolls
 d - a scroll of amnesia {unknown}
Potions
 e - a potion of curing {unknown}
 f - a potion of degeneration {unknown}
 g - a potion of haste {unknown}

Dungeon Overview and Level Annotations

Branches:
Dungeon (2/15)

Altars:


Message History

Robin closely misses you. The goblin hits you with a +0 dagger.
You shoot an arrow.
The arrow hits Robin but does no damage.
Robin points. "Kill!"
The goblin hits you with a +0 dagger.
You shoot an arrow. The arrow closely misses Robin.
The arrow barely misses the goblin.
The arrow hits the goblin!
You kill the goblin!
The goblin hits you but does no damage.
You shoot an arrow. The arrow hits Robin.
Robin is lightly wounded.
The hobgoblin no longer looks unusually strong.
The goblin barely misses you.
You shoot an arrow. The arrow hits Robin.
Robin is moderately wounded.
Robin hits you with a +0 mace. The goblin misses you. x2
Robin barely misses you.
You shoot an arrow. The arrow hits Robin.
Robin is severely wounded.
The hobgoblin no longer looks unusually strong.
The goblin misses you.
Robin roars a battlecry!
The hobgoblins go into a battle-frenzy!
You shoot an arrow. The arrow hits Robin.
Robin is almost dead.
The goblin barely misses you.
You shoot an arrow. The arrow barely misses Robin.
The arrow misses the goblin.
The arrow closely misses the hobgoblin.
The goblin no longer looks unusually strong. x2
Robin roars a battlecry!
The goblins go into a battle-frenzy!
The goblin hits you with a +0 dagger.
You shoot an arrow. The arrow hits Robin!
You kill Robin!
The goblin closely misses you.
Your Ranged Weapons skill increases to level 7!
You shoot an arrow.
The arrow hits the hobgoblin but does no damage.
The goblin hits you with a +0 dagger.
You die...

#...# ... #g..# #...
#.g.# #..# #.g.##..#
#.g.#..# #.g...#
#....#######
###########.........#
......g@gg).........#
..#######g##..<.....#
#.####....### ..#
#....# >.## #....#
### #....# #....#
#....# #....#


You could see 2 hobgoblins and 2 goblins.

Vanquished Creatures
  Robin (D:2)
  A dart slug (D:1)
  An endoplasm (D:1)
  8 goblins
  5 hobgoblins
  2 ball pythons (D:1)
  A bat (D:1)
  2 frilled lizards (D:1)
  6 kobolds (D:1)
  3 rats (D:1)
30 creatures vanquished.

Notes
Turn   | Place    | Note
-------+----------+-------------------------------------------
     0 | D:1      | qw the Deep Elf Hunter began the quest for the Orb.
     0 | D:1      | Reached XP level 1. HP: 12/12 MP: 3/3
     0 | D:1      | 0 ||| qw: Version: 0.3-a-155-g5e7d8dd
     0 | D:1      | 0 ||| qw: Game counter: 202
     0 | D:1      | 0 ||| qw: Melee chars always use a shield: true
     0 | D:1      | 0 ||| qw: God list: Okawaru
     0 | D:1      | 0 ||| qw: Allow faded altars: false
     0 | D:1      | 0 ||| qw: Do Orc after clearing Dungeon:15 true
     0 | D:1      | 0 ||| qw: Do second Lair branch before Depths: true
     0 | D:1      | 0 ||| qw: Lair rune preference: random
     0 | D:1      | 0 ||| qw: Goals: Normal
     0 | D:1      | 0 ||| PLANNING D:1-11
   229 | D:1      | Reached skill level 6 in Ranged Weapons
   229 | D:1      | Reached XP level 2. HP: 13/16 MP: 4/4
   416 | D:1      | Found a faded altar of an unknown god.
   696 | D:1      | 696 ||| READING scroll labelled NIETUF WEEMNUFF.
   700 | D:1      | 700 ||| DROPPING scroll of butterflies.
   761 | D:2      | 761 ||| RETREEEEATING.
   762 | D:2      | 762 ||| RETREEEEATING.
   762 | D:2      | Noticed Robin
   763 | D:2      | 763 ||| RETREEEEATING.
   764 | D:2      | 764 ||| RETREEEEATING.
   765 | D:2      | 765 ||| RETREEEEATING.
   768 | D:2      | 768 ||| RETREEEEATING.
   769 | D:2      | 769 ||| RETREEEEATING.
   774 | D:2      | Reached XP level 3. HP: 20/20 MP: 5/5
   782 | D:2      | HP: 4/20 [Robin/+0 mace (3)]
   786 | D:2      | Killed Robin
   787 | D:2      | Reached skill level 7 in Ranged Weapons
   787 | D:2      | Slain by a goblin

Levels and vault maps discovered:
D:1:      scummos_arrival_hexagon, layout_loops_ring,
          hellmonk_ecumenical_altar_arch_garden, st_stairs_11,
          minmay_tetromino_t4
D:2:      layout_basic, uniq_robin, uniq_natasha

Skill      XL: |  1  2  3 |
---------------+----------+-----
Ranged Weapons | 6 7 |  7.0
Fighting       | |  1.5
Dodging        | |  2.4
Stealth        | |  1.2

Action                     || total
---------------------------++-------
   Fire: Shortbow          ||    71
    Use: Scroll            ||     1
 Armour: Leather armour    ||    15
  Dodge: Dodged            ||    29

Table legend:
 A = Non-vault XP
 B = Vault XP
 C = Vault XP percentage of total XP
 D = Non-vault monster count
 E = Vault monster count
 F = Vault count percentage of total count
                 A         B        C        D         E       F
            +---------+---------+-------+---------+---------+-------
      Total |      31 |      34 |  52.3 |      18 |      12 |  40.0
            +---------+---------+-------+---------+---------+-------
        D:1 |      27 |       7 |  20.6 |      16 |       5 |  23.8
        D:2 |       4 |      27 |  87.1 |       2 |       7 |  77.8
            +---------+---------+-------+---------+---------+-------
